[Event "Late-Titled-Tuesday-Blitz-July-09-2024"]
[Site "Chess.com"]
[Date "2024.07.09"]
[Round "9"]
[White "dropstoneDP"]
[Black "Aygehovit1992"]
[Result "0-1"]
[WhiteElo "2999"]
[BlackElo "2808"]
[TimeControl "180+1"]
[EndTime "15:46:22 PDT"]
[Termination "Aygehovit1992 won by resignation"]

1. e4 c5 2. Nf3 e6 3. d4 cxd4 4.
Nxd4 Nc6 5. Bf4 d6 6. Bb5 Bd7 7. Nxc6 bxc6 8. Bd3 e5 9. Bc1 d5 10. O-O Nf6 11. exd5 cxd5 12. c4 e4 13. Bc2 Bd6 14.
Nc3 Bg4 15. Qd4 O-O 16. Bg5 dxc4 17. Kh1 Be7 18. Bxf6 gxf6 19. Qxe4 f5 20. Qxc4 Rc8 21. Qf4 Bd6 22. Qh6 Rc6 23. f3 Bg3 24. Qxf8+ Qxf8 25. fxg4 Qh6 26. h3 fxg4 27. Bf5 gxh3 28. Bxh3 Rf6 29. Nd5 Rxf1+ 30. Rxf1 Qd2 31. Nf6+ Kh8 32.
Ne4 Qe3 33. Nxg3 Qxg3 34. b3 Kg7 35. Rf5 Qe1+ 36. Kh2 Qd2 37. Rf3 Qxa2 38. Bf5 h6 39.
Be4 Qb2 40. Bf5 Qe5+ 41. Kh1 a5 42. Bd3 f6 43. Bf5 h5 44. Bd3 Kh6 45. Bf5 Kg5 46.
Bd3 h4 47. Bf1 f5 48. Bd3 f4 49. Bf1 Qa1 50. Kg1 Qe1 51. Kh1 Qe5 52. Kh2 Kg4 53. Bc4 Qd6 54. Be2 Kg5 55. Rd3 Qe5 56. Bf3 Kf6 57. Rd5 Qe1 58. Rh5 Qg3+ 59. Kh1 Qe1+ 60.
Kh2 Qg3+ 61. Kh1 Ke6 62. Bd5+ Kd6 63. Bf3 Kc7 64. Rh7+ Kb6 65. Rh5 Ka6 66. Be2+ Kb6 67. Bf3 Qf2 68. Kh2 Qe1 69. Rh8 Kc5 70. Rb8 Qg3+ 71.
Kh1 h3 72. Rc8+ Kb4 73. Rb8+ Ka3 74. Rf8 Qe1+ 75. Kh2 Qg3+ 76. Kh1 hxg2+ 77. Bxg2 Kxb3 78. Rb8+ Ka3 79. Rf8 a4 80. Rf7 Kb2 81. Rb7+ Ka1 82. Ra7 a3 83. Rf7 a2 84. Bd5 Qe1+ 85. Kh2 Qd2+ 86. Bg2 Kb2 87. Rb7+ Kc1 88. Rc7+ Qc2 89. Ra7 Kb1 90. Rb7+ Qb2 91. Kh3 Qxb7 92. Bxb7 a1=Q 93. Kg4 Kb2 94. Bf3 Qa3 95. Kxf4 Kc3 96. Be4 Qd6+ 0-1

[Event "Late-Titled-Tuesday-Blitz-July-09-2024"]
[Site "Chess.com"]
[Date "2024.07.09"]
[Round "10"]
[White "klercaku"]
[Black "MaxLeto"]
[Result "0-1"]
[WhiteElo "2375"]
[BlackElo "2471"]
[TimeControl "180+1"]
[EndTime "15:49:13 PDT"]
[Termination "MaxLeto won by resignation"]

1. e4 c5 2. Nf3 d6 3. d4 cxd4 4. Nxd4 Nf6 5. Nc3 a6 6. Be2 e6 7. Be3 Be7 8. h3 O-O 9. O-O Qc7 10. Qd2 b5 11. a3 Bb7 12. Bd3 Nbd7 13. f4 Nc5 14. e5 dxe5 15. fxe5 Qxe5 16. Nf3 Bxf3 17.
Rxf3 Nxd3 18. Qxd3 Rad8 19. Qf1 Bc5 20. Re1 Bxe3+ 21.
Rexe3 Qc5 22. Kh2 Nd5 23. Re5 Qc7 24. Qe2 f6 25. Nxd5 Rxd5 26. Re3 Rxe5 27. Rxe5 Qxe5+ 0-1

[Event "Late-Titled-Tuesday-Blitz-July-09-2024"]
[Site "Chess.com"]
[Date "2024.07.09"]
[Round "10"]
[White "tandercat"]
[Black "simaopdias"]
[Result "0-1"]
[WhiteElo "1915"]
[BlackElo "2181"]
[TimeControl "180+1"]
[EndTime "15:49:25 PDT"]
[Termination "simaopdias won by resignation"]

1. d4 Nf6 2. c4 e6 3. Nc3 b6 4. e4 Bb4 5. f3 d6 6. a3 Bxc3+ 7.
bxc3 O-O 8. Bd3 Ba6 9. Ne2 c5 10. O-O Nc6 11. Bg5 h6 12. Bh4 e5 13. d5 Na5 14.
Qa4 Qd7 15. Bxf6 Qxa4 16. Ng3 gxf6 0-1

[Event "Late-Titled-Tuesday-Blitz-July-09-2024"]
[Site "Chess.com"]
[Date "2024.07.09"]
[Round "10"]
[White "Vaporwaffle94"]
[Black "Boorchess"]
[Result "1-0"]
[WhiteElo "2300"]
[BlackElo "2489"]
[TimeControl "180+1"]
[EndTime "15:49:50 PDT"]
[Termination "Vaporwaffle94 won by checkmate"]

1. e4 c5 2. Nf3 d6 3. g3 Nf6 4. Nc3 e5 5. Bg2 g6 6. O-O Bg7 7. d3 O-O 8. Ne1 Nc6 9. f4 Nd4 10. f5 b5 11. g4 b4 12. Nd5 Nxd5 13. exd5 Qh4 14. c3 bxc3 15. bxc3 Nb5 16. Bd2 Bh6 17.
g5 Bg7 18. a4 Nc7 19. f6 Bh8 20. a5 h6 21. Ra4 Qh5 22. Qxh5 gxh5 23. gxh6 Ne8 24.
Bg5 Rb8 25. Rh4 Nc7 26. Rxh5 Rb5 27. h7# 1-0

[Event "Late-Titled-Tuesday-Blitz-July-09-2024"]
[Site "Chess.com"]
[Date "2024.07.09"]
[Round "10"]
[White "KVAIDAN"]
[Black "Antek_Radzimski"]
[Result "0-1"]
[WhiteElo "2386"]
[BlackElo "2570"]
[TimeControl "180+1"]
[EndTime "15:50:03 PDT"]
[Termination "Antek_Radzimski won by resignation"]

1. f4 e5 2. e4 exf4 3. Nf3 Ne7 4. d4 d5 5. e5 Ng6 6. h4 Bg4 7. h5 Nh4 8. Bxf4 Bxh5 9. Be2 Nxg2+ 10. Kf2 Nxf4 11.
Qd2 Bxf3 12. Bxf3 Ne6 13. c3 c6 14. Qe2 Nd7 15. Nd2 Qb6 16. b3 O-O-O 17. Bg4 h5 18.
Bh3 g5 19. Bf5 g4 20. Bxg4 Bh6 21. Bf5 Bxd2 22. Qxd2 Nxe5 23. Qf4 Nd3+ 24. Kf3 Nxf4 25. Rae1 Qa5 26. Re3 Qxa2 27. Rg1 h4 0-1

[Event "Late-Titled-Tuesday-Blitz-July-09-2024"]
[Site "Chess.com"]
[Date "2024.07.09"]
[Round "10"]
[White "IMVadim"]
[Black "zsoltkorpics"]
[Result "0-1"]
[WhiteElo "2410"]
[BlackElo "2491"]
[TimeControl "180+1"]
[EndTime "15:50:14 PDT"]
[Termination "zsoltkorpics won by resignation"]

1. e4 c5 2. Nf3 e6 3. c3 Nf6 4. Bd3 d6 5. O-O Nc6 6. Bc2 Be7 7. d4 cxd4 8. cxd4 e5 9. Nc3 O-O 10. Bg5 Bg4 11. dxe5 Nxe5 12. Bxf6 Bxf6 13. Nd5 Nxf3+ 14. gxf3 Bh3 15. Re1 Bxb2 16. Qd2 Bxa1 17. Rxa1 f5 18. Nf4 Qg5+ 19. Kh1 Bg2+ 0-1

[Event "Late-Titled-Tuesday-Blitz-July-09-2024"]
[Site "Chess.com"]
[Date "2024.07.09"]
[Round "10"]
[White "anderson2361"]
[Black "Kyrko_Gamba"]
[Result "1-0"]
[WhiteElo "2304"]
[BlackElo "2482"]
[TimeControl "180+1"]
[EndTime "15:50:57 PDT"]
[Termination "anderson2361 won by checkmate"]

1. c4 a6 2. e3 c6 3. Nf3 e6 4. b3 d5 5. Bb2 b5 6. Be2 Nf6 7. O-O Be7 8. Nc3 Nbd7 9. d3 Bb7 10. e4 O-O 11. e5 Ne8 12. d4 dxc4 13. bxc4 b4 14. Na4 c5 15. d5 a5 16. Qd2 h6 17.
Rfd1 Nb8 18. d6 Bg5 19. Nxg5 hxg5 20. Nxc5 Bc6 21. a3 Nd7 22. Nxd7 Qxd7 23. axb4 axb4 24. Rxa8 Bxa8 25. Qxb4 f5 26. c5 Bc6 27. Bc4 f4 28. Qb3 Kh8 29. Bxe6 Qd8 30. Bd5 Bxd5 31. Qxd5 f3 32. e6 Qb8 33. e7 Rf4 34. d7 fxg2 35. dxe8=Q+ Qxe8 36. Qxg5 Kh7 37. Qxg7# 1-0

[Event "Late-Titled-Tuesday-Blitz-July-09-2024"]
[Site "Chess.com"]
[Date "2024.07.09"]
[Round "10"]
[White "Queensandpawns"]
[Black "SharathRk6"]
[Result "1-0"]
[WhiteElo "2346"]
[BlackElo "2427"]
[TimeControl "180+1"]
[EndTime "15:51:17 PDT"]
[Termination "Queensandpawns won by resignation"]

1. e4 e5 2. d4 exd4 3. c3 dxc3 4. Bc4 cxb2 5. Bxb2 d5 6. Bxd5 Nf6 7. Bxf7+ Kxf7 8.
Qxd8 Bb4+ 9. Qd2 Bxd2+ 10. Nxd2 Re8 11. e5 Nc6 12. f4 g5 13. Ne2 Nd5 14. fxg5 Nxe5 15.
O-O+ Kg8 16. Ne4 Ng6 17. N2g3 Be6 18. Nh5 Re7 19. Nef6+ Nxf6 20. Nxf6+ Kf8 21. Nd5+ Rf7 22. Nxc7 Re8 23. Ba3+ Re7 24. Nxe6+ 1-0

[Event "Late-Titled-Tuesday-Blitz-July-09-2024"]
[Site "Chess.com"]
[Date "2024.07.09"]
[Round "10"]
[White "shirovin"]
[Black "th3d4rkness"]
[Result "1-0"]
[WhiteElo "2085"]
[BlackElo "2222"]
[TimeControl "180+1"]
[EndTime "15:51:23 PDT"]
[Termination "shirovin won by resignation"]

1. e4 c5 2. d4 cxd4 3. c3 d5 4. exd5 Qxd5 5. Nf3 Nc6 6. cxd4 e6 7. Nc3 Bb4 8. Be2 Nf6 9. O-O Qd8 10. a3 Ke7 11.
axb4 Nxb4 12. Be3 Re8 13. Ne5 Kf8 14. Qb3 Nbd5 15. Nxd5 Nxd5 16. Bf3 f6 17. Bxd5 exd5 18. Nf3 Kg8 19. Rfc1 Bg4 20. Rc5 Bxf3 21. gxf3 Kh8 22. Qxd5 Qb6 23. Rb5 Qc7 24. Rxb7 Qc2 25. Qf7 Rg8 26.
Raxa7 Rxa7 27. Rxa7 Qxb2 28. d5 Qe5 29. Re7 Qf5 30. Kg2 h5 31. h3 h4 32. d6 Qd3 33.
d7 1-0

[Event "Late-Titled-Tuesday-Blitz-July-09-2024"]
[Site "Chess.com"]
[Date "2024.07.09"]
[Round "10"]
[White "Narek_Ghimoyan"]
[Black "Zurability"]
[Result "1-0"]
[WhiteElo "2530"]
[BlackElo "2645"]
[TimeControl "180+1"]
[EndTime "15:51:32 PDT"]
[Termination "Narek_Ghimoyan won by resignation"]

1. e4 c5 2. Nc3 a6 3. g3 b5 4. Bg2 Bb7 5. Nge2 e6 6. d4 cxd4 7. Nxd4 Nf6 8. a3 Bc5 9. O-O Nc6 10. Nb3 Bb6 11. e5 Ng8 12. Ne4 Bc7 13. Nbc5 Bc8 14.
Bg5 f6 15. exf6 Nxf6 16. Nxf6+ gxf6 17. Qh5+ Ke7 18. Rad1 Qe8 19. Qh4 Qg6 20. Nxe6 fxg5 21. Nxg5 Kf8 22. Rfe1 h6 23. Ne6+ dxe6 24. Bxc6 Rb8 25.
Rd8+ Kg7 26. Qe7+ 1-0

[Event "Late-Titled-Tuesday-Blitz-July-09-2024"]
[Site "Chess.com"]
[Date "2024.07.09"]
[Round "10"]
[White "ReinisUz"]
[Black "stollenmonster"]
[Result "1-0"]
[WhiteElo "2570"]
[BlackElo "2832"]
[TimeControl "180+1"]
[EndTime "15:51:35 PDT"]
[Termination "ReinisUz won by resignation"]

1. c4 e6 2. Nc3 d5 3. d4 Nf6 4.
cxd5 Nxd5 5. e4 Nxc3 6. bxc3 b6 7. Be3 Bb7 8. f3 Be7 9. Bd3 Nd7 10. Ne2 O-O 11. O-O c5 12. f4 Nf6 13. Ng3 g6 14. f5 exf5 15. exf5 Nd5 16. Bh6 Nxc3 17. Qc2 Qxd4+ 18. Kh1 Nd5 19. fxg6 Nb4 20. Qe2 Qxd3 21.
Qxe7 Qd5 22. Ne4 hxg6 23. Nf6+ 1-0

[Event "Late-Titled-Tuesday-Blitz-July-09-2024"]
[Site "Chess.com"]
[Date "2024.07.09"]
[Round "10"]
[White "Statham_01"]
[Black "norwaytoadog"]
[Result "1-0"]
[WhiteElo "2661"]
[BlackElo "2363"]
[TimeControl "180+1"]
[EndTime "15:51:36 PDT"]
[Termination "Statham_01 won by resignation"]

1. Na3 e5 2. Nc4 Nc6 3. e4 Nf6 4. d3 Bc5 5. Be3 Bxe3 6. Nxe3 d5 7. exd5 Nxd5 8. Nf3 O-O 9. Be2 Nf4 10. O-O Qf6 11. Re1 Nxe2+ 12. Qxe2 Bd7 13. Nc4 Rfe8 14. Nfxe5 Nd4 15. Qe4 Bf5 16. Qxd4 Rad8 17. Qf4 b5 18. Nd2 g5 19. Ng4 Qg6 20. Qxf5 1-0

[Event "Late-Titled-Tuesday-Blitz-July-09-2024"]
[Site "Chess.com"]
[Date "2024.07.09"]
[Round "10"]
[White "manitodeplomo"]
[Black "Boundless_Strike"]
[Result "0-1"]
[WhiteElo "2611"]
[BlackElo "2813"]
[TimeControl "180+1"]
[EndTime "15:51:41 PDT"]
[Termination "Boundless_Strike won by resignation"]

1. d4 e5 2. dxe5 d6 3. Nf3 Nc6 4. Bf4 Bg4 5. exd6 Qf6 6. e3 Bxd6 7. Bxd6 O-O-O 8. Nbd2 Rxd6 9. c3 Nge7 10. Qa4 Qg6 11. Be2 Bxf3 12. Nxf3 Qxg2 13. Rg1 Qh3 14. Rxg7 Kb8 15.
Qg4 Qh6 16. Rxf7 Ng6 17. Qg5 Qh3 18. Rf6 Rxf6 19. Qxf6 Rf8 20. Qg7 Rxf3 21. Bxf3 Qxf3 22. Qxh7 Nce7 23. Rd1 a6 24. Rd8+ Ka7 25. Re8 Qh1+ 26.
Ke2 Qe4 27. Kf1 Qb1+ 28. Kg2 Nf4+ 0-1

[Event "Late-Titled-Tuesday-Blitz-July-09-2024"]
[Site "Chess.com"]
[Date "2024.07.09"]
[Round "10"]
[White "Oleg_Papayan"]
[Black "mortngabriel"]
[Result "1-0"]
[WhiteElo "2594"]
[BlackElo "2468"]
[TimeControl "180+1"]
[EndTime "15:51:53 PDT"]
[Termination "Oleg_Papayan won by resignation"]

1. d4 d5 2. Nc3 e6 3. Bf4 Bb4 4. Qd3 Nf6 5. a3 Bd6 6. e3 a6 7. Nf3 c5 8. dxc5 Bxc5 9. O-O-O Nc6 10. e4 Ng4 11. exd5 Nxf2 12. Qc4 Nxd1 13. Qxc5 Nxc3 14.
Qxc3 Ne7 15. d6 Nd5 16. Qxg7 Qf6 17. Qxf6 Nxf6 18. Be5 1-0

[Event "Late-Titled-Tuesday-Blitz-July-09-2024"]
[Site "Chess.com"]
[Date "2024.07.09"]
[Round "10"]
[White "wild3000"]
[Black "AlejandroArias"]
[Result "1-0"]
[WhiteElo "2444"]
[BlackElo "2323"]
[TimeControl "180+1"]
[EndTime "15:52:02 PDT"]
[Termination "wild3000 won on time"]

1. d4 d5 2. c4 e6 3. Nf3 c5 4. cxd5 exd5 5. Nc3 Nc6 6. Bg5 Be7 7. Bxe7 Ngxe7 8.
dxc5 d4 9. Ne4 O-O 10. e3 dxe3 11. Qxd8 exf2+ 12. Kxf2 Rxd8 13. Bc4 h6 14. Nd6 Rf8 15. Rhe1 Nf5 16. Rad1 b6 17. Bd5 1-0

[Event "Late-Titled-Tuesday-Blitz-July-09-2024"]
[Site "Chess.com"]
[Date "2024.07.09"]
[Round "10"]
[White "JoJoZP"]
[Black "jk13"]
[Result "0-1"]
[WhiteElo "2533"]
[BlackElo "2674"]
[TimeControl "180+1"]
[EndTime "15:52:06 PDT"]
[Termination "jk13 won by resignation"]

1. Nf3 d5 2. c4 e6 3. g3 Nf6 4.
Bg2 dxc4 5. O-O a6 6. a4 Nc6 7. Na3 Bxa3 8. Rxa3 e5 9. Qc2 Be6 10. Ng5 Bd5 11. e4 Nd4 12. Qd1 Bc6 13. d3 cxd3 14. Rxd3 h6 15. Nf3 Bxe4 16. Rd2 Bxf3 17. Bxf3 c6 18. Re1 O-O 19. Rxe5 Nxf3+ 20. Qxf3 Qc7 21. Rde2 Nd5 22. Qg4 Qd6 23. Rh5 Nf6 0-1

[Event "Late-Titled-Tuesday-Blitz-July-09-2024"]
[Site "Chess.com"]
[Date "2024.07.09"]
[Round "10"]
[White "AlexanderMatlak"]
[Black "santig8"]
[Result "1-0"]
[WhiteElo "2504"]
[BlackElo "2275"]
[TimeControl "180+1"]
[EndTime "15:52:10 PDT"]
[Termination "AlexanderMatlak won by resignation"]

1. c4 Nf6 2. Nf3 d6 3. Nc3 e5 4. g3 g6 5. Bg2 Bg7 6. O-O O-O 7. b4 e4 8. Ne1 Re8 9. Bb2 c6 10. d3 e3 11. f4 Ng4 12. Qc2 h5 13. Nf3 Na6 14. a3 Nc7 15. Ne4 Ne6 16. Bxg7 Nxg7 17. h3 Nf6 18. Nfg5 Nf5 19. Qb2 Nxe4 20. Nxe4 Rxe4 21.
dxe4 Nxg3 22. Rf3 Qh4 23. f5 gxf5 24. exf5 Bxf5 25. Rxe3 Bxh3 26. Qc3 Nf5 27. Rxh3 Qg4 28. Rf1 Kh7 29. Qd3 1-0

[Event "Late-Titled-Tuesday-Blitz-July-09-2024"]
[Site "Chess.com"]
[Date "2024.07.09"]
[Round "10"]
[White "Igor_Janik"]
[Black "Oleksandr_Bortnyk"]
[Result "0-1"]
[WhiteElo "2891"]
[BlackElo "3057"]
[TimeControl "180+1"]
[EndTime "15:52:11 PDT"]
[Termination "Oleksandr_Bortnyk won by resignation"]

1. e4 Nf6 2. e5 Nd5 3. d4 d6 4.
Nf3 dxe5 5. Nxe5 c6 6. Be2 Bf5 7.
O-O Nd7 8. Nf3 e6 9. a3 Bd6 10.
c4 N5f6 11. Nh4 Bg6 12. Nc3 Ne4 13. Nf3 Nxc3 14. bxc3 O-O 15. Qb3 Qc7 16. a4 b6 17.
a5 Bh5 18. h3 e5 19. axb6 axb6 20. Rxa8 Rxa8 21. Re1 e4 22. Nd2 Bg6 23. Nf1 h5 24. Bg5 Ra3 25. Qb2 Qa7 26. Be3 Qa5 27. Bd2 Ra2 28. Qb3 e3 29. Nxe3 Rxd2 30. c5 bxc5 31. Nc4 Rxe2 0-1

[Event "Late-Titled-Tuesday-Blitz-July-09-2024"]
[Site "Chess.com"]
[Date "2024.07.09"]
[Round "10"]
[White "Zhigalko_Sergei"]
[Black "SRob2003"]
[Result "1-0"]
[WhiteElo "2909"]
[BlackElo "2715"]
[TimeControl "180+1"]
[EndTime "15:52:12 PDT"]
[Termination "Zhigalko_Sergei won by resignation"]

1. e4 c6 2. d4 d5 3. e5 c5 4. Nf3 Nc6 5. dxc5 Bg4 6. c3 e6 7. Be3 Bxf3 8. Qxf3 Nxe5 9. Bb5+ Nc6 10. O-O a6 11. Ba4 Rc8 12. Rd1 Qc7 13. c4 dxc4 14.
Nd2 Nf6 15. Nxc4 Nd5 16. Nb6 Nxb6 17. cxb6 Qe5 18. Bf4 Qc5 19. Bc7 Be7 20. Rac1 Qb4 21. Bxc6+ bxc6 22. Qxc6+ Kf8 23. b7 Re8 24. b8=Q Rxb8 25.
Bxb8 g6 26. Be5 1-0

[Event "Late-Titled-Tuesday-Blitz-July-09-2024"]
[Site "Chess.com"]
[Date "2024.07.09"]
[Round "10"]
[White "Nbk90"]
[Black "katharinareinecke"]
[Result "1-0"]
[WhiteElo "2234"]
[BlackElo "2077"]
[TimeControl "180+1"]
[EndTime "15:52:21 PDT"]
[Termination "Nbk90 won by resignation"]

1. Nf3 d5 2. b3 Nf6 3. d4 e6 4. Bb2 Be7 5. e3 O-O 6. Bd3 c5 7. Nbd2 Nc6 8. O-O a6 9. Ne5 Nxe5 10. dxe5 Nd7 11. f4 g6 12. Nf3 b5 13. c4 bxc4 14.
bxc4 Bb7 15. Nd2 Nb6 16. Qe2 dxc4 17. Nxc4 Nxc4 18. Bxc4 Bd5 19. Rfd1 Bxc4 20. Qxc4 Qc7 21. Ba3 Rfd8 22. Rac1 Rxd1+ 23. Rxd1 Rc8 24. Qxa6 c4 25. Bxe7 c3 26. Ba3 c2 27. Rc1 Qc3 28. Kf2 Rd8 29.
Bb4 Rd2+ 30. Kf3 Qxb4 31. Qc8+ Kg7 32. Rxc2 Rxc2 33. Qxc2 Qb7+ 34. Kg3 Qa7 35. Qd2 h5 36. h3 Qa3 37. Kh2 Kh7 38. g4 hxg4 39. hxg4 Kg7 40. Kg3 Kf8 41. Qd6+ Qxd6 42. exd6 Ke8 43. e4 f6 44. e5 fxe5 45. fxe5 Kd7 46. a4 1-0

[Event "Late-Titled-Tuesday-Blitz-July-09-2024"]
[Site "Chess.com"]
[Date "2024.07.09"]
[Round "10"]
[White "Bugcrusher"]
[Black "Mikhail_Golubev"]
[Result "0-1"]
[WhiteElo "2498"]
[BlackElo "2634"]
[TimeControl "180+1"]
[EndTime "15:52:27 PDT"]
[Termination "Mikhail_Golubev won by resignation"]

1. e4 c5 2. Nc3 Nc6 3. Bb5 Nd4 4. Nf3 a6 5. Bd3 Nxf3+ 6. Qxf3 g6 7. Bc4 e6 8. a4 Bg7 9. d3 Qc7 10. h4 h5 11. Bf4 Be5 12. Bg5 b6 13. Qe2 Bb7 14. g3 Nh6 15. Nd1 Ng4 16. Bd2 O-O 17. f4 Bg7 18.
Nf2 d5 19. Ba2 dxe4 20. dxe4 Nxf2 21. Kxf2 Qc6 22. Rae1 f5 23. exf5 Qg2+ 24. Ke3 Qxg3+ 0-1

[Event "Late-Titled-Tuesday-Blitz-July-09-2024"]
[Site "Chess.com"]
[Date "2024.07.09"]
[Round "10"]
[White "saikrishnaReturns"]
[Black "AmbartsumianTyhran2012"]
[Result "1-0"]
[WhiteElo "2796"]
[BlackElo "2621"]
[TimeControl "180+1"]
[EndTime "15:52:28 PDT"]
[Termination "saikrishnaReturns won on time"]

1. e4 g6 2. d4 Bg7 3. Nc3 d6 4. Be3 a6 5. Qd2 b5 6. O-O-O Bb7 7. f3 Nd7 8. g4 Nb6 9. h4 h5 10. g5 e6 11. Bd3 Ne7 12. f4 b4 13. Nce2 a5 14.
Ng3 c5 15. dxc5 Na4 16. Bb5+ Bc6 17. Bxa4 Bxa4 18. cxd6 Nc6 19. e5 O-O 20. Ne4 Rc8 21. Nf3 b3 22. axb3 Bb5 23. Nc5 Nb4 24. Kb1 Bc6 25. Rhf1 Nd5 26. Bg1 a4 27. bxa4 Ra8 28. b3 Qb8 29. Nd4 Bxa4 30. Kb2 Rc8 31. Nxa4 Rxa4 32. Ra1 Rac4 33. d7 R8c7 34. d8=Q+ Qxd8 35. bxc4 Rxc4 36. Qa5 Qb8+ 37. Nb3 1-0

[Event "Late-Titled-Tuesday-Blitz-July-09-2024"]
[Site "Chess.com"]
[Date "2024.07.09"]
[Round "10"]
[White "Martins-BR"]
[Black "Hattori-Hanzo78"]
[Result "0-1"]
[WhiteElo "2431"]
[BlackElo "2596"]
[TimeControl "180+1"]
[EndTime "15:52:29 PDT"]
[Termination "Hattori-Hanzo78 won on time"]

1. e4 e6 2. d4 d5 3. Nc3 Nf6 4. Bg5 dxe4 5. Nxe4 Be7 6. Bxf6 gxf6 7. c4 f5 8. Nc3 Bf6 9. Nf3 c5 10. d5 e5 11. g3 e4 12. Nd2 Nd7 13. Be2 Ne5 14. Qc2 Qb6 15. O-O-O Bd7 16. Rde1 O-O-O 17. f4 Ng6 18.
Nf1 h5 19. h4 Bd4 20. Bd1 Ne7 21. Rh2 Kb8 22. Ne2 Nc8 23. Qd2 Nd6 24. b3 a5 25. a4 Bxa4 26. Nxd4 cxd4 27. Qa2 Qb4 28.
Rb2 Qxe1 29. Qxa4 Qb4 0-1

[Event "Late-Titled-Tuesday-Blitz-July-09-2024"]
[Site "Chess.com"]
[Date "2024.07.09"]
[Round "10"]
[White "Beaterawn"]
[Black "MatthewG-p4p"]
[Result "0-1"]
[WhiteElo "2457"]
[BlackElo "2895"]
[TimeControl "180+1"]
[EndTime "15:52:30 PDT"]
[Termination "MatthewG-p4p won by resignation"]

1. e4 e6 2. d4 d5 3. Nc3 Bb4 4. e5 Ne7 5. a3 Bxc3+ 6. bxc3 c5 7. a4 b6 8. Bb5+ Bd7 9. Bd3 Qc7 10. Nf3 Nbc6 11. O-O cxd4 12. cxd4 Nb4 13. Ba3 Nxd3 14. cxd3 Bc6 15. Rc1 Qd7 16. Qd2 Rc8 17. Qg5 Nf5 18.
Nh4 h6 19. Qg4 g5 20. Nxf5 exf5 21. Qf3 Qe6 22. Rc3 Kd7 23. a5 Ba4 24. Rfc1 Rxc3 25. Rxc3 Rc8 26. Rxc8 Kxc8 27. axb6 axb6 28. h4 Kb7 29. hxg5 hxg5 30. Qe3 f4 31. Qc1 Bb5 32. Qc3 g4 33. Bd6 Bc6 34. Qb2 g3 35. Bc5 Bd7 36. fxg3 fxg3 37. Kf1 Qf5+ 38. Ke1 Qf2+ 39. Qxf2 gxf2+ 40.
Kxf2 bxc5 41. dxc5 d4 42. g4 Bxg4 43. Kg3 Bf5 44.
Kf4 Bxd3 45. e6 fxe6 46. Ke5 Bc4 47. Kxd4 Bd5 48. Ke5 Kc6 49. Kd4 Kb5 0-1

[Event "Late-Titled-Tuesday-Blitz-July-09-2024"]
[Site "Chess.com"]
[Date "2024.07.09"]
[Round "10"]
[White "artin10862"]
[Black "MKlose11"]
[Result "1-0"]
[WhiteElo "2923"]
[BlackElo "2666"]
[TimeControl "180+1"]
[EndTime "15:52:31 PDT"]
[Termination "artin10862 won by resignation"]

1. d4 Nf6 2. Nc3 c5 3. d5 d6 4. e4 g6 5. Nf3 Bg7 6. h3 O-O 7.
a4 Na6 8. Be2 Nc7 9. O-O b6 10.
Bf4 Rb8 11. Nd2 a6 12. Nc4 b5 13. axb5 axb5 14. Na5 Bb7 15. Nxb5 Nxb5 16. Bxb5 Bxd5 17.
exd5 Rxb5 18. Nc6 Qd7 19. Re1 Re8 20. Ra7 Rb7 21. Rxb7 Qxb7 22. c4 Bf8 23. Bg5 Qxb2 24. Re2 Qc3 25. Re3 Qb2 26. Qf3 Bg7 27. Nxe7+ Kf8 28.
Qf4 h6 29. Bxh6 Rxe7 30. Bxg7+ Kxg7 31. Rxe7 1-0

[Event "Late-Titled-Tuesday-Blitz-July-09-2024"]
[Site "Chess.com"]
[Date "2024.07.09"]
[Round "10"]
[White "subham777"]
[Black "scrambleyourbrain"]
[Result "1-0"]
[WhiteElo "2569"]
[BlackElo "2379"]
[TimeControl "180+1"]
[EndTime "15:52:43 PDT"]
[Termination "subham777 won by resignation"]

1. e4 c5 2. Nf3 d6 3. d4 cxd4 4.
Qxd4 a6 5. Nc3 Nc6 6. Qd2 Nf6 7. b3 g6 8. Bb2 Bg7 9. O-O-O O-O 10. Kb1 Be6 11. Ng5 Bg4 12. f3 Bd7 13. h4 h6 14.
Nh3 Nh5 15. g4 Ng3 16. Rg1 Nxf1 17. Rdxf1 Ne5 18. h5 e6 19. f4 Nc6 20. g5 e5 21.
hxg6 Bxh3 22. gxh6 Bxh6 23. gxf7+ Kh7 24. Rf3 Be6 25.
Rh1 Rxf7 26. f5 Qf8 27. Rfh3 Rf6 28. fxe6 Ne7 29. Qxd6 Ng8 30. Qd7+ Qe7 31. Nd5 1-0

[Event "Late-Titled-Tuesday-Blitz-July-09-2024"]
[Site "Chess.com"]
[Date "2024.07.09"]
[Round "10"]
[White "glucolisis04"]
[Black "Ninocanina"]
[Result "1-0"]
[WhiteElo "2258"]
[BlackElo "1964"]
[TimeControl "180+1"]
[EndTime "15:52:44 PDT"]
[Termination "glucolisis04 won by checkmate"]

1. d4 d5 2. c4 e6 3. Nc3 Nf6 4. Nf3 Be7 5. Bg5 O-O 6. e3 h6 7. Bh4 c6 8. Bd3 Nbd7 9. O-O dxc4 10. Bxc4 Nb6 11. Bb3 Nbd5 12. Rc1 Nxc3 13. bxc3 Nd5 14. Bg3 b6 15. Qd3 a5 16. Bc2 Nf6 17. Rfe1 Ba6 18. Qd2 c5 19. e4 cxd4 20. cxd4 Bb4 21. Qe3 Bxe1 22. Rxe1 Rc8 23. Bb1 b5 24. Bh4 b4 25.
e5 Rc3 26. Qd2 g5 27. Bxg5 Ne4 28. Bxe4 hxg5 29. Nxg5 Kg7 30. Qf4 Bd3 31. Qg4 Bxe4 32. Nxe6+ Kh8 33. Qg7# 1-0

[Event "Late-Titled-Tuesday-Blitz-July-09-2024"]
[Site "Chess.com"]
[Date "2024.07.09"]
[Round "10"]
[White "vova-79"]
[Black "AlphaPerseii"]
[Result "0-1"]
[WhiteElo "2457"]
[BlackElo "2396"]
[TimeControl "180+1"]
[EndTime "15:52:47 PDT"]
[Termination "AlphaPerseii won by resignation"]

1. d4 Nf6 2. c4 e6 3. g3 d5 4. Nf3 Bb4+ 5. Bd2 Be7 6. Bg2 O-O 7. O-O Nbd7 8. Qc2 Ne4 9. Bf4 c6 10. Nc3 g5 11. Be3 Nd6 12. cxd5 exd5 13. Ne5 Nxe5 14. dxe5 Bf5 15. Qb3 Nc4 16. Bc1 Qb6 17. e4 Be6 18.
exd5 cxd5 19. Nxd5 Bxd5 20. Bxd5 Nxe5 21. Qxb6 axb6 22. Bxb7 Ra7 23. Bg2 f6 24. Rd1 Bc5 25. h3 Re8 26. Kf1 Rae7 27. a3 Nd3 28. Bd5+ Kg7 29. Rxd3 Re1+ 30. Kg2 R8e2 31. Be3 Rxa1 32.
Bxc5 bxc5 33. Rb3 Rc1 34. Bf3 Rd2 35. Rb7+ Kf8 36. Be4 Re1 37. Bf3 Rb1 0-1

[Event "Late-Titled-Tuesday-Blitz-July-09-2024"]
[Site "Chess.com"]
[Date "2024.07.09"]
[Round "10"]
[White "SocoLoco"]
[Black "Cambek64"]
[Result "0-1"]
[WhiteElo "2085"]
[BlackElo "2460"]
[TimeControl "180+1"]
[EndTime "15:52:49 PDT"]
[Termination "Cambek64 won on time"]

1. e4 e6 2. d3 d5 3. Nc3 d4 4.
Nce2 e5 5. f4 f6 6. Nf3 Bd6 7.
g3 c5 8. Bg2 Nc6 9. O-O Be6 10.
a3 Nge7 11. Bd2 Qd7 12. b4 c4 13. b5 Nd8 14. fxe5 Bxe5 15. Nxe5 fxe5 16. Bb4 Nf7 17.
a4 O-O 18. Kh1 c3 19. Ng1 a6 20. bxa6 Rxa6 21. a5 Rfa8 22. Qh5 Nc6 23. Rab1 Ba2 24. Bh3 Qe8 25. Bf5 Nh6 26. Qxe8+ Rxe8 27. Bd7 Bxb1 28. Bxe8 Nxb4 0-1

[Event "Late-Titled-Tuesday-Blitz-July-09-2024"]
[Site "Chess.com"]
[Date "2024.07.09"]
[Round "10"]
[White "mbojan"]
[Black "GHANDEEVAM2003"]
[Result "0-1"]
[WhiteElo "2921"]
[BlackElo "3176"]
[TimeControl "180+1"]
[EndTime "15:52:55 PDT"]
[Termination "GHANDEEVAM2003 won on time"]

1. d4 Nf6 2. Bg5 b6 3. Nd2 Bb7 4. Ngf3 g6 5. Bxf6 exf6 6. g3 Bg7 7. Bg2 f5 8. O-O O-O 9. e3 c5 10. c3 Re8 11. Ne1 Nc6 12. Nd3 d6 13. h4 Qd7 14. Nf4 Rad8 15. Bd5 Bh6 16. Qf3 Bxf4 17. gxf4 Rc8 18. Kg2 Ba6 19. Rh1 Ne7 20. Bb3 c4 21.
Bc2 Bb7 22. e4 h5 23. Rae1 Qb5 24. Rb1 Kg7 25. Rhe1 Ng8 26. Qg3 fxe4 27. Bxe4 Rxe4 28. Nxe4 f5 29. f3 fxe4 30. fxe4 Nf6 31. d5 Nxe4 32. Rxe4 Qxd5 33. Re1 Re8 0-1